[Event "Late-Titled-Tuesday-Blitz-September-05-2023"]
[Site "Chess.com"]
[Date "2023.09.05"]
[Round "7"]
[White "BeanScreen"]
[Black "colegiodemadrid"]
[Result "1-0"]
[WhiteElo "2705"]
[BlackElo "2503"]
[TimeControl "180+1"]
[EndTime "15:13:38 PDT"]
[Termination "BeanScreen won by resignation"]

1. e4 e5 2. Nf3 Nc6 3. Bc4 Bc5 4. d3 Nf6 5. c3 O-O 6. O-O d5 7. exd5 Nxd5 8. Re1 Nb6 9. Bb5 Bg4 10. Bxc6 bxc6 11. Rxe5 Bd6 12. Re1 Qf6 13. Nbd2 Qg6 14. Ne4 Rfe8 15. Bd2 Nd5 16. h3 Bf5 17. Nh4 Qe6 18.
Ng3 Bxg3 19. Rxe6 Bxh4 20. Rxe8+ Rxe8 21. Qh5 1-0

[Event "Late-Titled-Tuesday-Blitz-September-05-2023"]
[Site "Chess.com"]
[Date "2023.09.05"]
[Round "7"]
[White "rikchessmx"]
[Black "RebecaJimnz"]
[Result "1-0"]
[WhiteElo "2399"]
[BlackElo "2235"]
[TimeControl "180+1"]
[EndTime "15:13:47 PDT"]
[Termination "rikchessmx won by resignation"]

1. e4 c5 2. Nf3 Nc6 3. d4 cxd4 4. Nxd4 g6 5. Nxc6 bxc6 6. Qd4 Nf6 7. e5 Nd5 8. e6 f6 9. exd7+ Qxd7 10. Bc4 Bg7 11. O-O Nb6 12. Qxd7+ Bxd7 13. Bb3 O-O-O 14. a4 e5 15. Nc3 f5 16. a5 Na8 17. Bg5 Rde8 18. Rfd1 Nc7 19. Be3 a6 20. Bb6 Be6 21. Ba4 Kb7 22.
Rd6 Bd5 23. Nxd5 cxd5 24. Bxe8 Rxe8 25. Rd7 1-0

[Event "Late-Titled-Tuesday-Blitz-September-05-2023"]
[Site "Chess.com"]
[Date "2023.09.05"]
[Round "7"]
[White "slidingknight2775"]
[Black "emeli_chess"]
[Result "1-0"]
[WhiteElo "2573"]
[BlackElo "2356"]
[TimeControl "180+1"]
[EndTime "15:14:30 PDT"]
[Termination "slidingknight2775 won by resignation"]

1. d4 Nf6 2. c4 e6 3. Nc3 Bb4 4. e3 b6 5. Bd2 Bb7 6. Nf3 O-O 7. Bd3 Bxc3 8. Bxc3 Be4 9. O-O c5 10.
dxc5 bxc5 11. Bxf6 Bxf3 12. Qxf3 Qxf6 13. Qxa8 Nc6 14.
Qb7 Nb4 15. Qe4 Nxd3 16. Qxd3 Qxb2 17. Qxd7 a5 18. Qb5 Qe5 19. Qxa5 h5 20. Rad1 h4 21.
Rd8 h3 22. Rxf8+ Kh7 23. Qd8 1-0

[Event "Late-Titled-Tuesday-Blitz-September-05-2023"]
[Site "Chess.com"]
[Date "2023.09.05"]
[Round "7"]
[White "Dr_crypt"]
[Black "arminmusovic"]
[Result "0-1"]
[WhiteElo "2380"]
[BlackElo "2537"]
[TimeControl "180+1"]
[EndTime "15:14:44 PDT"]
[Termination "arminmusovic won by resignation"]

1. d4 d5 2. c4 c5 3. cxd5 Nf6 4.
dxc5 e6 5. dxe6 Qxd1+ 6. Kxd1 Bxe6 7. f3 Bxc5 8. e4 Nc6 9. Bb5 O-O-O+ 10. Bd2 Nd4 11.
Ba4 b5 12. Bc2 Bc4 13. b3 Nxc2 14. Kxc2 Bd3+ 15. Kc1 Kb7 16. Bc3 b4 17. Bb2 Be3+ 18. Kd1 Bf1+ 0-1

[Event "Late-Titled-Tuesday-Blitz-September-05-2023"]
[Site "Chess.com"]
[Date "2023.09.05"]
[Round "7"]
[White "koncheto"]
[Black "schack_vit"]
[Result "1/2-1/2"]
[WhiteElo "2554"]
[BlackElo "2429"]
[TimeControl "180+1"]
[EndTime "15:14:54 PDT"]
[Termination "Game drawn by repetition"]

1. e4 c5 2. Nf3 d6 3. d4 cxd4 4. Nxd4 Nf6 5. f3 Nc6 6. c4 g6 7.
Nc3 Bg7 8. Be3 O-O 9. Be2 Nxd4 10. Bxd4 Be6 11. O-O Nd7 12. Rc1 a5 13. b3 Bxd4+ 14.
Qxd4 Qb6 15. Rfd1 Rfc8 16. Qxb6 Nxb6 17. Nd5 Bxd5 18. cxd5 Kg7 19. Bb5 Rxc1 20. Rxc1 Rc8 21. Rxc8 Nxc8 22. Kf2 Kf6 23. Ke3 Nb6 24. Kd4 e5+ 25. Ke3 g5 26. g3 Ke7 27. Kd3 Kd8 28. Ke3 Ke7 29. Kd3 Kd8 30. Ke3 Ke7 1/2-1/2

[Event "Late-Titled-Tuesday-Blitz-September-05-2023"]
[Site "Chess.com"]
[Date "2023.09.05"]
[Round "7"]
[White "ketster"]
[Black "delqate"]
[Result "1-0"]
[WhiteElo "2539"]
[BlackElo "2377"]
[TimeControl "180+1"]
[EndTime "15:14:54 PDT"]
[Termination "ketster won by checkmate"]

1. c4 Nf6 2. Nf3 e6 3. Nc3 c6 4.
e4 Be7 5. d4 d5 6. e5 Nfd7 7.
cxd5 cxd5 8. Bd3 O-O 9. O-O Nc6 10. Be3 a6 11. Rc1 Qb6 12. Qe2 Nb4 13. Bb1 Re8 14. h4 g6 15. h5 Bf8 16. Ng5 Re7 17. Qg4 Bg7 18. Nxh7 Kxh7 19. hxg6+ fxg6 20. Qxg6+ Kg8 21. Qh7+ Kf8 22. Bg6 Bxe5 23. Bh6+ Bg7 24. Qh8# 1-0

[Event "Late-Titled-Tuesday-Blitz-September-05-2023"]
[Site "Chess.com"]
[Date "2023.09.05"]
[Round "7"]
[White "sterpfi"]
[Black "Sulthankan"]
[Result "1-0"]
[WhiteElo "2179"]
[BlackElo "2373"]
[TimeControl "180+1"]
[EndTime "15:15:02 PDT"]
[Termination "sterpfi won by resignation"]

1. e4 c5 2. Nf3 d6 3. Bb5+ Bd7 4.
Bxd7+ Nxd7 5. O-O Ngf6 6. Qe2 e6 7. c3 Be7 8. d4 O-O 9. e5 Nd5 10. exd6 Bxd6 11. dxc5 Bxc5 12. Rd1 Qc7 13. c4 Nb4 14. Nc3 a6 15. a3 Nc6 16. b4 Be7 17. Bb2 Nde5 18.
Ne4 Nxf3+ 19. Qxf3 Rfd8 20. Qg3 Qxg3 21. hxg3 f5 22.
Nd2 Nd4 23. Nf3 Bf6 1-0

[Event "Late-Titled-Tuesday-Blitz-September-05-2023"]
[Site "Chess.com"]
[Date "2023.09.05"]
[Round "7"]
[White "dropstoneDP"]
[Black "Malev212"]
[Result "1-0"]
[WhiteElo "3005"]
[BlackElo "2635"]
[TimeControl "180+1"]
[EndTime "15:15:04 PDT"]
[Termination "dropstoneDP won by resignation"]

1. Nf3 d5 2. g3 c6 3. Bg2 Bg4 4. c4 e6 5. cxd5 exd5 6. Qb3 Qb6 7. Ne5 Be6 8. Nc3 Bd6 9. d4 Ne7 10. Bf4 Qxb3 11. axb3 f6 12. Nxc6 Nbxc6 13. Bxd6 Nxd4 14. O-O Nxb3 15. Ra4 Nf5 16. Ba3 Kf7 17. Nxd5 Rhc8 18.
Nf4 Rc7 19. Nxe6 Kxe6 20. Bh3 1-0

[Event "Late-Titled-Tuesday-Blitz-September-05-2023"]
[Site "Chess.com"]
[Date "2023.09.05"]
[Round "7"]
[White "drinbet"]
[Black "KrokerGuy"]
[Result "0-1"]
[WhiteElo "2272"]
[BlackElo "2500"]
[TimeControl "180+1"]
[EndTime "15:15:10 PDT"]
[Termination "KrokerGuy won by resignation"]

1. e4 e5 2. f4 exf4 3. Bc4 Qh4+ 4. Kf1 d6 5. d4 g5 6. Nc3 Nc6 7. Nd5 Bg4 8. Qd3 O-O-O 9. b4 Bg7 10. c3 f5 11.
exf5 Nh6 12. f6 Rhe8 13. g3 Bh3+ 14. Kf2 Ng4+ 0-1

[Event "Late-Titled-Tuesday-Blitz-September-05-2023"]
[Site "Chess.com"]
[Date "2023.09.05"]
[Round "7"]
[White "TheMagician"]
[Black "MusicCityMaster"]
[Result "1-0"]
[WhiteElo "2102"]
[BlackElo "2407"]
[TimeControl "180+1"]
[EndTime "15:15:26 PDT"]
[Termination "TheMagician won by resignation"]

1. d4 Nf6 2. Nf3 g6 3. g3 Bg7 4. Bg2 O-O 5. O-O d6 6. c4 Nbd7 7. Nc3 e5 8. dxe5 dxe5 9. Qc2 c6 10. Rd1 Qe7 11. Ng5 Nc5 12. b4 Ne6 13. Nxe6 Bxe6 14. c5 Rfd8 15. Bg5 h6 16. Bxf6 Bxf6 17. Ne4 Bf5 18.
Nxf6+ Qxf6 19. Qc3 h5 20. e3 Kg7 21. f4 exf4 22.
Qxf6+ Kxf6 23. gxf4 a6 24. Kf2 Bg4 25. Rd4 Rxd4 26.
exd4 Kf5 27. d5 Re8 28. dxc6 bxc6 29. Bxc6 Re2+ 30. Kg1 h4 31. Bd7+ Kxf4 32. Bxg4 Kxg4 33. Rc1 Re8 34. c6 Kf5 35. a4 Rc8 36. b5 axb5 37. axb5 Ke6 38. b6 Kd6 39. b7 1-0

[Event "Late-Titled-Tuesday-Blitz-September-05-2023"]
[Site "Chess.com"]
[Date "2023.09.05"]
[Round "7"]
[White "Garmendiarov"]
[Black "zajka-molotok"]
[Result "1-0"]
[WhiteElo "2367"]
[BlackElo "2514"]
[TimeControl "180+1"]
[EndTime "15:15:30 PDT"]
[Termination "Garmendiarov won on time"]

1. e4 c5 2. Nf3 d6 3. d4 cxd4 4. Nxd4 Nf6 5. Nc3 a6 6. Rg1 b5 7. g4 b4 8. Nd5 Bb7 9. Nxf6+ gxf6 10. f3 h5 11. h3 hxg4 12. hxg4 Nc6 13. Be3 Qc7 14. Qd2 Rc8 15. O-O-O Ne5 16. Kb1 e6 17. Qxb4 Nxf3 18. Qa4+ Bc6 19. Nxc6 Qxc6 20. Qxc6+ Rxc6 21. Rg3 1-0

[Event "Late-Titled-Tuesday-Blitz-September-05-2023"]
[Site "Chess.com"]
[Date "2023.09.05"]
[Round "7"]
[White "2k28Lakers"]
[Black "kingofthenil"]
[Result "0-1"]
[WhiteElo "2535"]
[BlackElo "2769"]
[TimeControl "180+1"]
[EndTime "15:15:32 PDT"]
[Termination "kingofthenil won by resignation"]

1. e4 Nc6 2. Nf3 d5 3. e5 Bg4 4. Bb5 e6 5. d4 Ne7 6. c3 a6 7. Ba4 b5 8. Bc2 f6 9. exf6 gxf6 10. h3 Bh5 11. Be3 e5 12. dxe5 fxe5 13. g4 Bg6 14.
Bxg6+ Nxg6 15. O-O Be7 16. Bh6 Qd7 17. a4 Rb8 18. axb5 axb5 19. Na3 Bf8 20. Bxf8 Rxf8 21. Nc2 Nf4 22. Kh2 h5 23. Re1 e4 24. Nfd4 Ne5 25. Nf5 Rxf5 26. gxf5 Qxf5 27. Re3 Kd7 28. Nd4 Qf6 29. Ra7 Rg8 30. Rg3 Rxg3 31. fxg3 Nfd3 32. Qe2 h4 33. Nxb5 hxg3+ 34. Kxg3 Qg5+ 35. Kh2 Nf3+ 36. Qxf3 exf3 37. Rxc7+ Kd8 0-1

[Event "Late-Titled-Tuesday-Blitz-September-05-2023"]
[Site "Chess.com"]
[Date "2023.09.05"]
[Round "7"]
[White "szachmistrz2500"]
[Black "Jarming"]
[Result "0-1"]
[WhiteElo "2473"]
[BlackElo "2649"]
[TimeControl "180+1"]
[EndTime "15:15:34 PDT"]
[Termination "Jarming won by resignation"]

1. Nf3 Nf6 2. g3 e6 3. Bg2 d5 4. O-O Be7 5. d3 O-O 6. Nbd2 c5 7. e4 Nc6 8. Re1 b5 9. e5 Nd7 10. Nf1 b4 11. h4 a5 12. h5 a4 13. h6 g6 14. N1h2 Ba6 15. b3 axb3 16. axb3 c4 17. Bf4 cxd3 18. cxd3 Bb5 19. Qe2 Ra3 20. Rab1 Nc5 21.
Red1 Rxb3 22. Rxb3 Nxb3 23. Ng4 Nbd4 24. Nxd4 Nxd4 25.
Qe3 Nf5 26. Qa7 Qa8 27. Ra1 Qxa7 28. Rxa7 Bxd3 29. Rb7 Rc8 30. Ne3 Nxe3 31. Bxe3 Bf8 32. Bg5 Bc2 33. Bf1 b3 34. Kg2 Ba3 35. Ba6 Ra8 36.
Kf3 b2 0-1

[Event "Late-Titled-Tuesday-Blitz-September-05-2023"]
[Site "Chess.com"]
[Date "2023.09.05"]
[Round "7"]
[White "infinitegiantkiller"]
[Black "IMSlavin"]
[Result "1-0"]
[WhiteElo "2494"]
[BlackElo "2180"]
[TimeControl "180+1"]
[EndTime "15:15:42 PDT"]
[Termination "infinitegiantkiller won by resignation"]

1. Nf3 Nc6 2. g3 Nf6 3. d4 d6 4. Bg2 Bf5 5. O-O Qc8 6. b3 Bh3 7. Bb2 Bxg2 8. Kxg2 e6 9. c4 Be7 10. d5 Nb8 11. Nc3 e5 12. e4 h6 13. Nh4 g6 14. f4 Nbd7 15. Nf3 exf4 16. gxf4 O-O 17.
h3 Nh5 18. Ne2 Bf6 19. e5 dxe5 20. fxe5 Bg7 21. Qd2 Re8 22. Nf4 Nxe5 23. Nxe5 Bxe5 24. Nxh5 Bxb2 25. Qxb2 gxh5 26. Rf3 h4 27. Kh2 f6 28. Rg1+ Kh7 29. Qxf6 Re2+ 30. Kh1 Qd7 31. Qg6+ Kh8 32.
Qxh6+ Qh7 33. Qf6+ 1-0

[Event "Late-Titled-Tuesday-Blitz-September-05-2023"]
[Site "Chess.com"]
[Date "2023.09.05"]
[Round "7"]
[White "WilsonPalencia21"]
[Black "Nick12772"]
[Result "0-1"]
[WhiteElo "2541"]
[BlackElo "2342"]
[TimeControl "180+1"]
[EndTime "15:15:49 PDT"]
[Termination "Nick12772 won by resignation"]

1. d4 Nf6 2. c4 g6 3. Nf3 Bg7 4.
Nc3 d5 5. Bg5 Ne4 6. cxd5 Nxg5 7. Nxg5 e6 8. Qd2 exd5 9. Qe3+ Kf8 10. Qf4 Bf6 11. h4 h6 12. Nf3 Kg7 13. e4 dxe4 14.
Nxe4 Re8 15. O-O-O Nc6 16. Bb5 Bf5 17. Nxf6 Qxf6 18. d5 Re4 19. Qd2 Nb4 20. Rde1 Nxa2+ 21. Kd1 c6 22. Bd3 cxd5 23. Bb1 Nb4 24. Bxe4 dxe4 25. Qxb4 exf3 26. gxf3 Rd8+ 27. Kc1 Rc8+ 28. Kd2 Rc2+ 29.
Ke3 Qe5+ 0-1

[Event "Late-Titled-Tuesday-Blitz-September-05-2023"]
[Site "Chess.com"]
[Date "2023.09.05"]
[Round "7"]
[White "tptagain"]
[Black "eljanov"]
[Result "0-1"]
[WhiteElo "2976"]
[BlackElo "2892"]
[TimeControl "180+1"]
[EndTime "15:15:50 PDT"]
[Termination "eljanov won by resignation"]

1. Nf3 d5 2. c4 c6 3. e3 Nf6 4. Nc3 a6 5. d4 Bf5 6. h3 e6 7. g4 Bg6 8. Ne5 Nbd7 9. Nxg6 hxg6 10. Bd2 Bb4 11. Rc1 Bxc3 12. Bxc3 Ne4 13. Bb4 Qb6 14. Qa4 a5 15. Ba3 f5 16. cxd5 exd5 17. Bd3 Kf7 18.
Qd1 Rae8 19. Kf1 Ndf6 20. Kg2 Qc7 21. Qf3 Rh4 22. gxf5 g5 23. Kf1 Nd2+ 0-1

[Event "Late-Titled-Tuesday-Blitz-September-05-2023"]
[Site "Chess.com"]
[Date "2023.09.05"]
[Round "7"]
[White "Ducke13"]
[Black "picturesquecheck"]
[Result "1-0"]
[WhiteElo "2462"]
[BlackElo "2297"]
[TimeControl "180+1"]
[EndTime "15:15:51 PDT"]
[Termination "Ducke13 won by resignation"]

1. d4 Nf6 2. g3 c5 3. d5 e6 4. c4 exd5 5. cxd5 g6 6. Nc3 Bg7 7. Nf3 d6 8. Bg2 O-O 9. O-O Bg4 10. Re1 Re8 11. Nd2 a6 12. a4 Bc8 13. Nc4 Rf8 14. e4 Ne8 15. e5 dxe5 16. Ne4 Nd7 17. a5 f5 18. Bg5 Nef6 19. Ned6 e4 20. Qd2 Qc7 21.
Bf4 Qd8 22. Rac1 Ng4 23. Nxc8 Rxc8 24. d6 Rb8 25. h3 Nge5 26. Nxe5 Bxe5 27. Qd5+ Rf7 28.
Bxe5 Nxe5 29. Qxe5 1-0

[Event "Late-Titled-Tuesday-Blitz-September-05-2023"]
[Site "Chess.com"]
[Date "2023.09.05"]
[Round "7"]
[White "FaustinoOro"]
[Black "nevermind242"]
[Result "1-0"]
[WhiteElo "2842"]
[BlackElo "2374"]
[TimeControl "180+1"]
[EndTime "15:15:57 PDT"]
[Termination "FaustinoOro won on time"]

1. e4 e6 2. d4 d5 3. Nd2 Nc6 4.
Ngf3 Nf6 5. e5 Nd7 6. Nb3 a5 7. a4 f6 8. exf6 Qxf6 9. c3 Bd6 10.
Be2 O-O 11. O-O e5 12. dxe5 Ndxe5 13. Qxd5+ Be6 14. Qd1 Nxf3+ 15. Bxf3 Rad8 16. Nd4 Nxd4 17. cxd4 Bb4 18. Be3 Bc4 19. Be2 Bd5 20. Bd3 Bd6 21. Qh5 Bxg2 22. Bxh7+ 1-0

[Event "Late-Titled-Tuesday-Blitz-September-05-2023"]
[Site "Chess.com"]
[Date "2023.09.05"]
[Round "7"]
[White "copanchess"]
[Black "traack"]
[Result "0-1"]
[WhiteElo "2177"]
[BlackElo "2377"]
[TimeControl "180+1"]
[EndTime "15:15:59 PDT"]
[Termination "traack won by checkmate"]

1. e4 c5 2. d4 cxd4 3. c3 Nf6 4.
e5 Nd5 5. Nf3 e6 6. cxd4 d6 7.
Bc4 Be7 8. O-O O-O 9. Qe2 b6 10. Nc3 Nxc3 11. bxc3 Bb7 12. Re1 Nd7 13. exd6 Bxd6 14.
Ng5 h6 15. Nxe6 Bxh2+ 16. Kxh2 fxe6 17. Bxe6+ Kh8 18. Qh5 Nf6 19. Qh4 Qc7+ 20. Kg1 Rae8 21. Bf4 Qxc3 22. Bxh6 gxh6 23. Qxh6+ Nh7 24. Rac1 Qxd4 25.
Rc7 Qxf2+ 26. Kh1 Qxg2# 0-1

[Event "Late-Titled-Tuesday-Blitz-September-05-2023"]
[Site "Chess.com"]
[Date "2023.09.05"]
[Round "7"]
[White "rdarruda"]
[Black "wild3000"]
[Result "0-1"]
[WhiteElo "2511"]
[BlackElo "2354"]
[TimeControl "180+1"]
[EndTime "15:16:00 PDT"]
[Termination "wild3000 won by resignation"]

1. d4 Nf6 2. Nf3 b6 3. Nc3 Bb7 4. g3 e6 5. Bg2 Bb4 6. Bd2 d5 7. O-O O-O 8. a3 Be7 9. Ne5 Nbd7 10. f4 c5 11. e3 Ne4 12. Nxe4 dxe4 13. c3 f6 14. Nxd7 Qxd7 15. Qc2 cxd4 16. exd4 f5 17.
Rfd1 b5 18. a4 a6 19. Bf1 Bd5 20. Be3 Rfc8 21. Qe2 Bc4 22. Qh5 Bb3 23. Rdb1 bxa4 24. g4 g6 25. Qh6 Bf8 26. Qh4 Qe7 27. Qg3 Kf7 28. Be2 Rcb8 29. h4 Bc2 30. Rc1 Rxb2 31. h5 Bb3 32. Kf1 a3 33. hxg6+ hxg6 34. gxf5 exf5 35.
c4 Bg7 36. c5 a2 37. Rc3 Bd5 38. Bc1 Rb1 39. Bc4 Bxc4+ 40. Rxc4 Rxa1 41. Qb3 Qe6 42. d5 Qxd5 43. Qb7+ Qxb7 0-1

[Event "Late-Titled-Tuesday-Blitz-September-05-2023"]
[Site "Chess.com"]
[Date "2023.09.05"]
[Round "7"]
[White "Jaka_Brilej"]
[Black "valemava"]
[Result "0-1"]
[WhiteElo "2455"]
[BlackElo "2306"]
[TimeControl "180+1"]
[EndTime "15:16:03 PDT"]
[Termination "valemava won by checkmate"]

1. e4 c5 2. Nf3 Qa5 3. Nc3 a6 4. d4 b5 5. dxc5 e6 6. Bd2 b4 7. Ne2 Bxc5 8. a3 Qb6 9. Be3 Bxe3 10. fxe3 Qxe3 11. axb4 Qxe4 12. Qd4 Qxd4 13. Nexd4 Bb7 14.
Be2 Nf6 15. O-O Ke7 16. Rfe1 Nc6 17. Nf5+ exf5 18. Bxa6+ Ne4 19. Bxb7 Rxa1 20. Rxa1 Nxb4 21. c3 Nd3 22. Nd4 g6 23. Ra7 Kf6 24. Bxe4 fxe4 25. Rxd7 Nxb2 26. Kf2 Rc8 27. Nb5 Na4 28. Nd6 Ke6 29.
Nxc8 Kxd7 30. Nb6+ Nxb6 31. Ke3 f5 32. g4 Ke6 33. gxf5+ gxf5 34. h4 Ke5 35. h5 f4+ 36.
Ke2 Nc4 37. h6 f3+ 38. Kf2 Kf4 39. Kf1 e3 40. Ke1 f2+ 41. Kf1 Nd2+ 42. Ke2 f1=Q# 0-1

[Event "Late-Titled-Tuesday-Blitz-September-05-2023"]
[Site "Chess.com"]
[Date "2023.09.05"]
[Round "7"]
[White "Aygehovit1992"]
[Black "jefferyx"]
[Result "1-0"]
[WhiteElo "2725"]
[BlackElo "3006"]
[TimeControl "180+1"]
[EndTime "15:16:05 PDT"]
[Termination "Aygehovit1992 won by resignation"]

1. e4 c6 2. d4 d5 3. e5 Bf5 4. Nf3 e6 5. Be2 Ne7 6. O-O h6 7.
Nbd2 Nd7 8. Nb3 Bh7 9. a4 Ng6 10.
a5 Be7 11. c4 O-O 12. Be3 f6 13. exf6 Nxf6 14. h3 Bd6 15. Re1 Ne4 16. Nc5 Bxc5 17. dxc5 Nf4 18. Bf1 Qf6 19. a6 Rab8 20. Bd4 Qg6 21. Kh2 Qh5 22. Ne5 Qe8 23. f3 Nf6 24. Qa4 Ng6 25. axb7 Nxe5 26. Bxe5 Rxb7 27. Bxf6 Rxf6 28.
cxd5 Qb8+ 29. d6 Rxb2 30. Qxc6 Bf5 31. Qc7 Qb4 32. d7 1-0

[Event "Late-Titled-Tuesday-Blitz-September-05-2023"]
[Site "Chess.com"]
[Date "2023.09.05"]
[Round "7"]
[White "kikoveiga"]
[Black "HeinichessPY"]
[Result "1-0"]
[WhiteElo "2570"]
[BlackElo "2249"]
[TimeControl "180+1"]
[EndTime "15:16:18 PDT"]
[Termination "kikoveiga won by resignation"]

1. c4 c5 2. g3 Nc6 3. Bg2 g6 4. Nc3 Bg7 5. a3 Nf6 6. Rb1 O-O 7. b4 d6 8. Nf3 e5 9. d3 Bg4 10.
O-O Qd7 11. Bg5 Bh3 12. Bxf6 Bxf6 13. Nd5 Bg7 14. Bxh3 Qxh3 15. bxc5 dxc5 16. Rxb7 f5 17. Ng5 Qh5 18. Ne6 Nd4 19. Rxg7+ Kh8 20. Nxd4 Kxg7 21.
Ne6+ Kh8 22. Nxf8 Rxf8 23. e3 Qh3 24. Qb3 f4 25. exf4 exf4 26. Qb2+ Kg8 27. Ne7+ Kf7 28. Qb7 f3 29. Nf5+ Ke6 30. Ne3 Rf5 31. Qe4+ Kf7 32.
Qg4 Qh6 33. Nxf5 gxf5 34. Qxf3 1-0

[Event "Late-Titled-Tuesday-Blitz-September-05-2023"]
[Site "Chess.com"]
[Date "2023.09.05"]
[Round "7"]
[White "AquivaRubinstein"]
[Black "cassoulet"]
[Result "0-1"]
[WhiteElo "2487"]
[BlackElo "2736"]
[TimeControl "180+1"]
[EndTime "15:16:19 PDT"]
[Termination "cassoulet won on time"]

1. d4 Nf6 2. c4 g6 3. Nc3 d5 4. cxd5 Nxd5 5. e4 Nxc3 6. bxc3 Bg7 7. Nf3 O-O 8. Be2 c5 9. Rb1 Nc6 10. d5 Ne5 11. Nxe5 Bxe5 12. c4 e6 13. O-O Qh4 14.
f4 Bd4+ 15. Kh1 exd5 16. cxd5 Re8 17. Bf3 b6 18. e5 Ba6 19. Be2 Bb7 20. Bf3 Rad8 21.
d6 Ba6 22. Bd2 Bxf1 23. Qxf1 Bf2 24. Bc6 Bg3 25. h3 Rf8 26. Qf3 Bf2 27. Rf1 Bd4 28.
Bd5 Kh8 29. Bc3 f6 30. Bxd4 cxd4 31. Qe4 fxe5 32. Qxe5+ Qf6 33. Rd1 Rxd6 34. Rxd4 Rfd8 35. Qxf6+ Rxf6 0-1

[Event "Late-Titled-Tuesday-Blitz-September-05-2023"]
[Site "Chess.com"]
[Date "2023.09.05"]
[Round "7"]
[White "martinbitel"]
[Black "OYAcosta"]
[Result "0-1"]
[WhiteElo "2224"]
[BlackElo "2271"]
[TimeControl "180+1"]
[EndTime "15:16:21 PDT"]
[Termination "OYAcosta won by checkmate"]

1. d4 d5 2. c4 c6 3. Nc3 Nf6 4.
cxd5 cxd5 5. Bf4 Nc6 6. e3 a6 7. Bd3 Bg4 8. Nge2 e6 9. O-O Bd6 10. Bxd6 Qxd6 11. Rc1 O-O 12. Na4 Nd7 13. Nc5 Nxc5 14.
Rxc5 e5 15. f3 Be6 16. Qc2 g6 17. a3 Rfe8 18. b4 Rad8 19. b5 axb5 20. Bxb5 exd4 21. Bxc6 bxc6 22. Nxd4 Bd7 23. Nxc6 Bxc6 24. Rxc6 Qxa3 25.
Rc3 Qa7 26. Qf2 Re6 27. Rd3 Rde8 28. Rxd5 Rxe3 29. h3 Qe7 30. Rfd1 Re2 31. Kh2 Rxf2 32. Rd6 Qe5+ 33. f4 Qxf4+ 34. Kh1 Qg3 35. Rd8 Qxg2# 0-1

[Event "Late-Titled-Tuesday-Blitz-September-05-2023"]
[Site "Chess.com"]
[Date "2023.09.05"]
[Round "7"]
[White "HansOnTwitch"]
[Black "Rutricks"]
[Result "1-0"]
[WhiteElo "3006"]
[BlackElo "2681"]
[TimeControl "180+1"]
[EndTime "15:16:26 PDT"]
[Termination "HansOnTwitch won by resignation"]

1. e4 g6 2. d4 Bg7 3. Nc3 c6 4.
h3 d5 5. e5 f6 6. f4 Nh6 7. g4 O-O 8. Nf3 fxe5 9. dxe5 e6 10. Be3 b6 11. Qd2 c5 12. Bg2 Bb7 13. Ng5 Qe7 14. Bf2 Na6 15. O-O Nf7 16. Bh4 Rae8 17. Nb5 Nc7 18. Nxf7 Qxh4 19. Nxc7 Re7 20. Nxe6 Rfxf7 21. Ng5 Rf8 22. Bxd5+ Bxd5 23. Qxd5+ Kh8 24. Kg2 Bxe5 25.
Nf3 Qf6 26. fxe5 Qf4 27. Ng5 1-0

[Event "Late-Titled-Tuesday-Blitz-September-05-2023"]
[Site "Chess.com"]
[Date "2023.09.05"]
[Round "7"]
[White "Haykoooo0o"]
[Black "KNVB"]
[Result "0-1"]
[WhiteElo "2486"]
[BlackElo "2715"]
[TimeControl "180+1"]
[EndTime "15:16:30 PDT"]
[Termination "KNVB won by resignation"]

1. d4 e5 2. Nf3 e4 3. Ng1 d5 4.
c4 dxc4 5. e3 Be6 6. Nd2 f5 7.
Bxc4 Bxc4 8. Nxc4 Nd7 9. Ne2 Ngf6 10. Nf4 Nb6 11. Ne5 Bd6 12. Bd2 Qe7 13. Bc3 Nbd5 14. Nxd5 Nxd5 15. Qh5+ g6 16. Nxg6 Qf7 17. Nf4 Bxf4 18.
Qxf7+ Kxf7 19. exf4 Nxf4 20. g3 Nd5 21. O-O-O h5 22.
f3 e3 23. Rde1 f4 24. gxf4 Rag8 25. Re2 Kf6 26. Kc2 Kf5 27. Kd3 Nxf4+ 28. Kxe3 Re8+ 29. Kf2 Rxe2+ 0-1

[Event "Late-Titled-Tuesday-Blitz-September-05-2023"]
[Site "Chess.com"]
[Date "2023.09.05"]
[Round "7"]
[White "korason34"]
[Black "Perecke"]
[Result "1-0"]
[WhiteElo "2691"]
[BlackElo "2501"]
[TimeControl "180+1"]
[EndTime "15:16:36 PDT"]
[Termination "korason34 won by resignation"]

1. e4 c5 2. Nf3 e6 3. d4 cxd4 4. Nxd4 Nc6 5. Nc3 Qc7 6. Be2 a6 7. Be3 b5 8. O-O Bb7 9. Kh1 Nf6 10. f4 b4 11. e5 bxc3 12. exf6 cxb2 13. Rb1 gxf6 14.
Rxb2 Ne7 15. Bf3 Bxf3 16. Qxf3 Nd5 17. f5 Be7 18. fxe6 dxe6 19. Nf5 Rc8 20. Nxe7 Qxe7 21.
Bd4 O-O 22. Qg3+ Kh8 23. Rxf6 Nxf6 24. Rb7 Rxc2 25. Rxe7 Rc1+ 26. Bg1 Rb8 27. Qxb8+ 1-0

[Event "Late-Titled-Tuesday-Blitz-September-05-2023"]
[Site "Chess.com"]
[Date "2023.09.05"]
[Round "7"]
[White "Schwindle"]
[Black "KejJaj"]
[Result "0-1"]
[WhiteElo "2400"]
[BlackElo "2223"]
[TimeControl "180+1"]
[EndTime "15:16:43 PDT"]
[Termination "KejJaj won by resignation"]

1. e4 c5 2. Nf3 d6 3. d4 cxd4 4. Nxd4 Nf6 5. Nc3 g6 6. Be3 Bg7 7. f3 O-O 8. Qd2 Nc6 9. Bc4 Nd7 10. O-O-O Nb6 11. Bb3 Na5 12. Nd5 Nbc4 13. Qe1 Nxe3 14. Qxe3 Nxb3+ 15. axb3 a5 16. Nc3 Bd7 17. h4 a4 18. bxa4 Bxa4 19. h5 Bd7 20. h6 Bh8 21. g4 Re8 22. f4 Qb6 23. Nd5 Ra1+ 24. Kd2 Rxd1+ 25. Rxd1 Qxd4+ 26. Qxd4 Bxd4 27. c3 Bh8 28. f5 Bc6 29. c4 Bxd5 30. cxd5 e6 31. dxe6 fxe6 32. fxg6 hxg6 33. Rc1 Bxb2 34. Rc7 b6 35. Rc6 Be5 36. Rxb6 Rd8 37. Ke3 Bf6 38. Kf4 e5+ 39.
Kg3 Bg5 0-1

[Event "Late-Titled-Tuesday-Blitz-September-05-2023"]
[Site "Chess.com"]
[Date "2023.09.05"]
[Round "7"]
[White "MariaFominykh"]
[Black "Fengwi"]
[Result "0-1"]
[WhiteElo "2269"]
[BlackElo "2436"]
[TimeControl "180+1"]
[EndTime "15:16:53 PDT"]
[Termination "Fengwi won on time"]

1. d4 d5 2. c4 e6 3. Nc3 Be7 4. Bf4 Nf6 5. e3 O-O 6. cxd5 Nxd5 7. Nxd5 exd5 8. a3 a5 9. Qc2 c6 10. Bd3 g6 11. Nf3 Nd7 12. O-O Nf6 13. h3 Re8 14.
Ne5 Bd6 15. Rab1 a4 16. Rfe1 Nh5 17. Bh2 Ng7 18. f3 Qe7 19. e4 dxe4 20. Bxe4 Qf8 21. Rbd1 Bf5 22. d5 Bxe5 23. Bxf5 Bxh2+ 24. Kxh2 Nxf5 25.
dxc6 Rxe1 26. Rxe1 Qd6+ 27. Kg1 Qxc6 28. Qd2 Re8 29. Rxe8+ Qxe8 30. Qb4 Qe3+ 31. Kh2 Qe5+ 32. Kg1 b5 33. Qd2 Qd4+ 34. Qxd4 Nxd4 35. Kf2 f5 36.
Ke3 Nc6 37. g4 Kf7 38. Kf4 Kf6 39. h4 h6 40. g5+ hxg5+ 41. hxg5+ Ke6 42. Ke3 Kd5 43. Kd3 Ne5+ 44. Ke3 Nc4+ 0-1

[Event "Late-Titled-Tuesday-Blitz-September-05-2023"]
[Site "Chess.com"]
[Date "2023.09.05"]
[Round "7"]
[White "nitpicker"]
[Black "maurovargas01"]
[Result "1-0"]
[WhiteElo "2270"]
[BlackElo "1861"]
[TimeControl "180+1"]
[EndTime "15:16:53 PDT"]
[Termination "nitpicker won on time"]

1. d4 d5 2. c4 c6 3. Nf3 e6 4. Qb3 Nf6 5. Nc3 Nbd7 6. Bg5 Bd6 7. e3 O-O 8. Qc2 Qe8 9. Be2 h5 10. O-O Ne4 11. Nxe4 dxe4 12. Qxe4 f6 13. Bf4 Bxf4 14. exf4 Rf7 15. Rfe1 Nf8 16. d5 cxd5 17. cxd5 Re7 18. Bc4 e5 19. d6+ Rf7 20. fxe5 fxe5 21. Nxe5 Be6 22. Nxf7 Kxf7 23. Qf5+ Kg8 24. Bxe6+ Nxe6 25. Qxe6+ Qxe6 26. Rxe6 Rd8 27. Rd1 Kf7 28. Re7+ Kf6 29.
Rxb7 a5 30. Ra7 Ke6 31. Rxa5 1-0